[Event "FIDE U16 Olympiad_boards_81-124"]
[Site "Eindhoven, Netherlands"]
[Date "2023.08.14"]
[Round "2.25"]
[White "Cauchi, Noah"]
[Black "Pusara, Mihailo"]
[Result "1-0"]
[TimeControl "45min+10sec"]
[WhiteElo "1530"]
[BlackElo "1873"]

1. e4 e5 2. Nf3 Nf6 3. Nxe5 d6 4. Nf3 Nxe4 5. d4 d5 6. Bd3 Bd6 7. c4 c6 8. O-O O-O 9. Nc3 Nxc3 10. bxc3 dxc4 11. Bxc4 Bf5 12. Bg5 Qc7 13. Re1 Nd7 14.
h3 Rfe8 15. Nh4 Be4 16. Qg4 Bd5 17. Bxd5 cxd5 18. Nf5 Bf8 19. Nh6+ Kh8 20. Nxf7+ Kg8 21. Ne5 Nxe5 22. dxe5 Rxe5 23.
Bf6 Rxe1+ 24. Rxe1 Qf7 25. Bd4 a6 26. Qe6 Qxe6 27. Rxe6 b5 28. Kf1 a5 29. Re5 Rd8 30. Bb6 Rb8 31.
Bxa5 Ra8 32. Bb4 Bxb4 33. cxb4 Rd8 34.
Ke2 Kf7 35. Kd3 Kf6 36. Kd4 Rc8 37.
Rxd5 Rc4+ 38. Kd3 Rxb4 39. Kc3 Rc4+ 40. Kb3 Re4 41. Rxb5 Re2 42. Rc5 Rxf2 43. Rc2 Rf4 44. a4 Rf1 45. a5 Rb1+ 46. Rb2 Ra1 47.
Ra2 Rb1+ 48. Kc2 Rb7 49. Kc3 Ke6 50. Kc4 Kd6 51. a6 Ra7 52. Kb5 Ra8 53. Kb6 Rb8+ 54. Ka7 Rb3 55. Rf2 Ke7 56.
Rf3 Rb2 57. Rg3 g6 58. Rg4 Kd7 59. Rh4 h5 60. Rd4 Kc6 61. g4 Re2 62. Rb4 hxg4 63. hxg4 Re7+ 64. Rb7 Re4 65. Rb6+ Kc5 66.
Rxg6 Re7+ 67. Kb8 Re8+ 68. Kc7 Kb5 69. g5 Rh8 70. Rb6+ Ka5 71. Rd6 1-0

[Event "FIDE U16 Olympiad_boards_81-124"]
[Site "Eindhoven, Netherlands"]
[Date "2023.08.14"]
[Round "2.26"]
[White "Milovic, Ilija"]
[Black "Zangrilli, Leonardo"]
[Result "1-0"]
[TimeControl "45min+10sec"]
[WhiteElo "1533"]
[BlackElo "1205"]

1. d4 Nf6 2. c4 d6 3. Nc3 g6 4. e4 Bg7 5. h3 O-O 6. Be3 e5 7. d5 Bd7 8. g4 Qe7 9. Nge2 a6 10.
Ng3 c6 11. Be2 cxd5 12. cxd5 b5 13. a3 Ne8 14. Qd2 f5 15. gxf5 gxf5 16. exf5 Bxf5 17. Nxf5 Rxf5 18. Bd3 e4 19. Nxe4 Re5 20. Nc3 Bh6 21.
Rg1+ Kh8 22. Rg3 Nf6 23. O-O-O Bxe3 24. Rxe3 Nbd7 25. Rde1 Rc8 26. Kb1 Nb6 27. Rxe5 dxe5 28. f4 Nfxd5 29. Nxd5 Nxd5 30. Rxe5 Qf7 31. Bf5 Rd8 32. Qd4 Qf6 33. Be4 Nc7 34. Qc5 Ne6 35. Qc3 Rd1+ 36. Ka2 Kg8 37. Bd5 Kf7 38.
Bxe6+ Qxe6+ 39. Rxe6 Kxe6 1-0

[Event "FIDE U16 Olympiad_boards_81-124"]
[Site "Eindhoven, Netherlands"]
[Date "2023.08.14"]
[Round "2.27"]
[White "Grima Bongailas, Isaac"]
[Black "Radulovic, Vasilije"]
[Result "0-1"]
[TimeControl "45min+10sec"]
[WhiteElo "1270"]
[BlackElo "1453"]

1. d4 d5 2. c4 e6 3. g3 Nf6 4. Bg2 c6 5. Nc3 Be7 6. cxd5 exd5 7. Nf3 Bf5 8. O-O O-O 9. Re1 Ne4 10.
Nd2 Nxc3 11. bxc3 Nd7 12. e4 dxe4 13. Nxe4 Nf6 14. Nxf6+ Bxf6 15. Bf4 Qa5 16. Qd2 Rad8 17. Be5 Bxe5 18.
Rxe5 Qxe5 19. Qb2 Qc7 20. Re1 Rfe8 21. Re3 Rxe3 22. fxe3 Qe7 23. Qe2 Re8 24. Kf2 Be4 25. Bxe4 Qxe4 26.
c4 Qf5+ 27. Kg2 Qf6 28. Qd2 Qe6 29. Kf2 Qxc4 30. Kg2 g6 31. Kf2 Rd8 32. Ke1 c5 33. Qa5 Qb4+ 34. Qxb4 cxb4 35. Kd2 a5 36. Kd3 b5 37. e4 a4 38. d5 f6 39. Kc2 Rc8+ 40.
Kd3 b3 0-1

[Event "FIDE U16 Olympiad_boards_81-124"]
[Site "Eindhoven, Netherlands"]
[Date "2023.08.14"]
[Round "2.28"]
[White "Mosurovic, Milena"]
[Black "Thornton, Hayley"]
[Result "1-0"]
[TimeControl "45min+10sec"]
[WhiteElo "1646"]
[BlackElo "1047"]

1. e4 e6 2. d3 d5 3. Nd2 Nf6 4. Ngf3 Be7 5. g3 O-O 6. Bg2 b6 7. O-O Bb7 8. e5 Nfd7 9. c3 c5 10.
d4 Nc6 11. Re1 cxd4 12. cxd4 Rc8 13. a3 b5 14. h4 Qb6 15. Nf1 b4 16. a4 b3 17. h5 Nb4 18. Ne3 Nc2 19. Nxc2 bxc2 20.
Qe2 Ba6 21. Qe3 Bb4 22. Nd2 Rc7 23. h6 g6 24. Bf1 Rfc8 25. a5 Bxa5 26. Bxa6 Qxa6 27. Nb3 Qb6 28. Nxa5 Nb8 29. Qf4 Qb4 30.
Bd2 Qxb2 31. Qf6 Kf8 32. Bg5 Ke8 33. Qg7 c1=Q 34. Qg8+ Kd7 35. Qxf7# 1-0

[Event "FIDE U16 Olympiad_boards_81-124"]
[Site "Eindhoven, Netherlands"]
[Date "2023.08.14"]
[Round "2.29"]
[White "Hernandez Mendez, Iker"]
[Black "Coetsee, Dewald"]
[Result "1-0"]
[TimeControl "45min+10sec"]
[WhiteElo "1686"]
[BlackElo "1276"]

1. e4 c5 2. Nf3 e6 3. d4 cxd4 4. Nxd4 Nf6 5. Nc3 d6 6. g4 h6 7. h4 Nc6 8. Rg1 Nxd4 9. Qxd4 e5 10.
Qd1 a6 11. g5 hxg5 12. hxg5 Nd7 13. g6 fxg6 14. Qg4 g5 15. Bxg5 Nf6 16. Bxf6 Bxg4 17. Bxd8 Be6 18. Bb6 Rc8 19.
O-O-O g5 20. Be3 g4 21. Be2 Rg8 22. Rh1 b5 23. Rh7 g3 24. Bh5+ Kd8 25. Bb6+ 1-0

[Event "FIDE U16 Olympiad_boards_81-124"]
[Site "Eindhoven, Netherlands"]
[Date "2023.08.14"]
[Round "2.30"]
[White "Strong, Davida"]
[Black "Thogata, Randheer"]
[Result "1-0"]
[TimeControl "45min+10sec"]
[WhiteElo "1379"]
[BlackElo "1636"]

1. e4 c5 2. Nf3 d6 3. c3 Nf6 4. Be2 g6 5. O-O Bg7 6. Qc2 Qc7 7. d3 O-O 8. h3 e5 9. Rd1 b6 10.
Nbd2 Bb7 11. Nf1 d5 12. exd5 Nxd5 13. Ng3 Nd7 14. a3 Rfe8 15. Nd2 Rad8 16. Nc4 Nf8 17. Ne4 h6 18. Bf3 f5 19.
Ned6 Re7 20. Nxb7 Qxb7 21. Nxe5 Rxe5 22. c4 Qd7 23. Bxd5+ Kh7 24. Bf4 Re7 25. Re1 Rde8 26. Rxe7 Qxe7 27. Bd2 Qd6 28. Bc3 Bxc3 29. Qxc3 Nd7 30. d4 Re2 31. b4 Qf4 32.
Bf3 cxd4 33. Qb3 Rd2 34. Qa4 Ne5 35. Qxa7+ Kh8 36. Qb8+ Kg7 37. Qc7+ Kf8 38. Qd8+ Kg7 39. Qe7+ Nf7 40. Bd5 Qxf2+ 41. Kh1 h5 42.
Qxf7+ Kh6 43. Qf8+ Kg5 44. Qe7+ Kh6 45. Re1 Qg3 46. h4 Ra2 47. Qf8+ 1-0

[Event "FIDE U16 Olympiad_boards_81-124"]
[Site "Eindhoven, Netherlands"]
[Date "2023.08.14"]
[Round "2.31"]
[White "Fan, Chloe"]
[Black "Govender, Keniesha"]
[Result "1-0"]
[TimeControl "45min+10sec"]
[WhiteElo "1787"]
[BlackElo "1210"]

1. e4 c5 2. Nf3 d6 3. Bb5+ Bd7 4. Bxd7+ Nxd7 5. O-O Ngf6 6. Re1 e6 7. c3 Be7 8. d4 O-O 9. Bf4 cxd4 10.
cxd4 Nb6 11. Nc3 Rc8 12. Qb3 d5 13. e5 Nfd7 14. a4 a6 15. Rac1 Rc4 16. a5 Rb4 17. Qa2 Nc4 18. Na4 Qxa5 19.
b3 b5 20. Re2 bxa4 21. bxc4 Rxc4 22. Rxc4 dxc4 23. Qxc4 Qb5 24. Rc2 Nb6 25. Qa2 Nd5 26. Bd2 Rb8 27. h3 Nb4 28. Bxb4 Qxb4 29. Kh2 Qb3 30. Nd2 h6 31. Nxb3 axb3 32. Qb1 a5 33. Rc7 Bd8 34.
Ra7 Bb6 35. Rd7 a4 36. Qb2 Bd8 37.
Ra7 Kh7 38. Rxa4 Be7 39. Rc4 Rb7 40. Rc3 Rb8 41. Rxb3 Rc8 42. Rb7 Re8 43. Qb5 1-0

[Event "FIDE U16 Olympiad_boards_81-124"]
[Site "Eindhoven, Netherlands"]
[Date "2023.08.14"]
[Round "2.32"]
[White "Matshego, Thato"]
[Black "O'carroll, Om"]
[Result "0-1"]
[TimeControl "45min+10sec"]
[WhiteElo "1150"]
[BlackElo "1284"]

1. d4 d5 2. Nc3 Nf6 3. Bf4 c6 4. e3 Bf5 5. f3 h6 6. h4 e6 7. g4 Bh7 8. Bd3 Bxd3 9. Qxd3 Bd6 10.
Nge2 Bxf4 11. Nxf4 Nbd7 12. O-O-O Qc7 13. g5 Ng8 14. g6 Ndf6 15. gxf7+ Qxf7 16. Ng6 Rh7 17. Ne5 Qe7 18. Qg6+ Kd8 19.
Na4 Kc7 20. Nc5 b6 21. Nb3 a5 22. Rd3 Kb7 23. Rc3 Rc8 24. a3 Qe8 25. Nf7 Ka8 26. Rg1 Ne7 27. Nd6 Qd7 28. Nxc8 Qxc8 29.
Qg3 Nf5 30. Qh2 a4 31. Nd2 Qd7 32. e4 Nxd4 33. Rd3 Nb5 34. Nc4 Qd8 35. Qe5 Nd7 36. Qxe6 Na7 37. exd5 Nc5 38. Qf5 Nxd3+ 39. Qxd3 Rh8 40. Rxg7 b5 41. Qd4 Nc8 42. Ne5 Qxd5 43. Qxd5 cxd5 44. Rd7 Nb6 45. Rd6 Kb7 46. Nf7 Rf8 47. Rf6 Kc7 48. Kd2 Nc4+ 49. Kc3 Ne5 50. Nxe5 Rxf6 51.
Kd3 Kd6 52. Ng4 Rxf3+ 53. Ne3 Rh3 54. b3 Ke5 55. bxa4 bxa4 56. Kd2 Rxh4 57. Kd3 Rh3 58. Kd2 d4 59. Nc4+ Ke4 60. Nd6+ Kd5 61.
Nb5 Kc5 62. Nc7 Rxa3 63. Ne6+ Kd5 64. Nf4+ Ke5 65. Ng6+ Kf5 66. Ne7+ Ke4 67. Nc6 h5 68. Nd8 h4 69. Nf7 Kf4 70. Nd6 Rg3 71. Nb5 Ke5 72. Na7 h3 73. Nc6+ Ke4 74.
Na5 h2 75. Nc4 h1=Q 76. Nd6+ Kd5 0-1

[Event "FIDE U16 Olympiad_boards_81-124"]
[Site "Eindhoven, Netherlands"]
[Date "2023.08.14"]
[Round "2.34"]
[White "Zaccaria, Noa"]
[Black "Chao, Tzu-Yi Anderson"]
[Result "1-0"]
[TimeControl "45min+10sec"]
[WhiteElo "1496"]
[BlackElo "1347"]

1. d4 Nf6 2. c4 e6 3. g3 Bb4+ 4.
Bd2 Qe7 5. Bg2 Nc6 6. Nf3 Bxd2+ 7. Qxd2 Ne4 8. Qc2 Qb4+ 9. Nc3 Nxc3 10. Qxc3 Qxc3+ 11. bxc3 d6 12. O-O Na5 13. Nd2 Rb8 14. Rfb1 b6 15. e3 Ba6 16.
Bf1 Ke7 17. c5 Bxf1 18. cxd6+ cxd6 19. Kxf1 Rhc8 20. Rc1 Rc7 21. Ke2 Rbc8 22. Kd3 d5 23. Rc2 Kd6 24. Rac1 h6 25. f3 Nc4 26.
a4 Nxd2 27. Kxd2 Rc4 28. Ra1 a5 29. Ra3 g5 30. Rb2 R8c6 31. e4 f6 32. Kd3 f5 33. exf5 exf5 34. Rb5 Ke6 35. h4 Kd6 36.
h5 Ke6 37. g4 f4 38. Rab3 Kd6 39. Rxb6 Rxc3+ 40. Rxc3 Rxb6 41. Rc5 Rb3+ 42. Ke2 Rb2+ 43. Kf1 Rb4 44. Rxa5 Rxd4 45. Ra6+ Ke5 46. Rxh6 Rxa4 47. Rg6 Kd4 48. h6 Ke3 49. h7 Kxf3 50.
h8=Q Kg3 51. Rxg5 f3 52. Rxd5 Rc4 53. Qe5+ 1-0

[Event "FIDE U16 Olympiad_boards_81-124"]
[Site "Eindhoven, Netherlands"]
[Date "2023.08.14"]
[Round "2.35"]
[White "Hsu, Che"]
[Black "Ortiz Bogdanov, Pablo"]
[Result "1-0"]
[TimeControl "45min+10sec"]
[WhiteElo "1374"]
[BlackElo "1484"]

1. e4 e6 2. b3 d5 3. Bb2 c5 4.
Qe2 d4 5. f4 Nc6 6. Nf3 Bd6 7. g3 e5 8. fxe5 Nxe5 9. Nxe5 Bxe5 10. d3 Nf6 11. Nd2 Qc7 12. a4 h5 13. Bg2 h4 14.
O-O-O Bg4 15. Bf3 Bxf3 16. Qxf3 hxg3 17. hxg3 O-O-O 18. Nc4 Bxg3 19. e5 Nh5 20. Rxh5 Rxh5 21. Qxh5 Bf4+ 22. Kb1 Rd5 23.
Qf5+ Kb8 24. Qxf4 f6 25. Rh1 a6 26. Rh8+ Ka7 27. a5 fxe5 28. Nb6 Rd8 29. Qh4 Rb8 30. Qh7 e4 31. Rxb8 Qxb8 32.
Qxe4 g5 33. Bc1 g4 34. Qxg4 Qh8 35. Qc8 c4 36. Qxh8 c3 37. Qa8# 1-0

[Event "FIDE U16 Olympiad_boards_81-124"]
[Site "Eindhoven, Netherlands"]
[Date "2023.08.14"]
[Round "2.36"]
[White "Reding, Sevda"]
[Black "Wang, Yushin Andrea"]
[Result "1-0"]
[TimeControl "45min+10sec"]
[WhiteElo "1237"]
[BlackElo "1186"]

1. e4 e5 2. Nf3 Nc6 3. d4 exd4 4. Bc4 Nf6 5. e5 Ne4 6. c3 Be7 7. cxd4 d5 8. Bb5 O-O 9. O-O Bg4 10.
Bxc6 bxc6 11. Qd3 Re8 12. Ne1 Bf5 13. Nc3 Bg6 14. f4 Bh4 15. f5 Bxf5 16. Rxf5 Bxe1 17. Nxe4 dxe4 18. Qxe4 Ba5 19.
Be3 Bb6 20. Qf3 Bxd4 21. Rf1 Bxe3+ 22. Qxe3 Re7 23. h4 f6 24. Qb3+ Kh8 25. exf6 Qd4+ 26. R1f2 Re1+ 27. Kh2 Qxh4+ 28. Qh3 Qxh3+ 29. gxh3 gxf6 30. Rxf6 Rg8 31. Rxc6 Rgg1 32. Rxc7 Rh1+ 33. Kg2 Reg1+ 34. Kf3 Rxh3+ 35. Ke2 Rh6 36. Rxa7 Re6+ 37. Kd3 Rd1+ 38. Kc2 Rdd6 39. Rf8# 1-0

[Event "FIDE U16 Olympiad_boards_81-124"]
[Site "Eindhoven, Netherlands"]
[Date "2023.08.14"]
[Round "2.37"]
[White "Altynbekuly, Madiyar"]
[Black "Sacco, Isaac"]
[Result "1-0"]
[TimeControl "45min+10sec"]
[WhiteElo "1750"]
[BlackElo "1272"]

1. e4 e5 2. Nf3 Nc6 3. Bb5 Nf6 4. O-O Bc5 5. Re1 d6 6. h3 Bd7 7. c3 a6 8. Ba4 O-O 9. d4 exd4 10.
cxd4 Bb6 11. Nc3 h6 12. Bf4 Re8 13. Qd2 Ba5 14. Bc2 Qe7 15. e5 Nh5 16. Bxh6 dxe5 17. dxe5 b5 18. Qd3 g6 19.
Bb3 Be6 20. Nd5 Bxd5 21. Bxd5 Bxe1 22. Qxg6+ Kh8 23. Qxh5 Qd7 24. Bg5+ Kg8 25. Qg6+ Kh8 26. Bf6# 1-0

[Event "FIDE U16 Olympiad_boards_81-124"]
[Site "Eindhoven, Netherlands"]
[Date "2023.08.14"]
[Round "2.38"]
[White "Ellul, Nicole"]
[Black "Savitskiy, Vladimir"]
[Result "0-1"]
[TimeControl "45min+10sec"]
[WhiteElo "1251"]
[BlackElo "1513"]

1. d4 Nf6 2. Nc3 d5 3. Bf4 a6 4. e3 e6 5. Nf3 c5 6. Bd3 Nc6 7. O-O Be7 8. h3 O-O 9. Ne2 c4 10.
Bxh7+ Nxh7 11. c3 Bd6 12. Qc2 Bxf4 13. Nxf4 b5 14. g4 Ng5 15. Nd2 e5 16. dxe5 Nxe5 17. f3 Ne6 18. Rae1 Nxf4 19.
exf4 Nd3 20. Re2 Qh4 21. Kg2 Nxf4+ 22. Kh2 Qxh3+ 23. Kg1 Qg3+ 24. Kh1 Nxe2 25. Nb1 Qh3# 0-1

[Event "FIDE U16 Olympiad_boards_81-124"]
[Site "Eindhoven, Netherlands"]
[Date "2023.08.14"]
[Round "2.40"]
[White "Gauci, Andre"]
[Black "Kazhiakhmetova, Yerkenaz"]
[Result "0-1"]
[TimeControl "45min+10sec"]
[WhiteElo "1277"]
[BlackElo "1379"]

1. d4 Nf6 2. Bf4 d5 3. e3 e6 4. c3 Bd6 5. Bg3 O-O 6. Nd2 b6 7. Ngf3 Ba6 8. Bxa6 Nxa6 9. O-O Bxg3 10.
hxg3 c5 11. Ne5 Nb8 12. Ndf3 Nfd7 13. Qc2 Nxe5 14. Nxe5 Qc7 15. f4 f6 16. Nf3 Nd7 17. Rae1 f5 18. Ng5 Rae8 19. Kf2 Nf6 20.
Kf3 h6 21. Nh3 Qf7 22. Qe2 Qh5+ 23. Kf2 Ne4+ 24. Kg1 Qxe2 25. Rxe2 Nxg3 26. Ree1 Nxf1 27. Rxf1 Rc8 28. Re1 b5 29. a3 a5 30. b4 cxb4 31.
cxb4 axb4 32. axb4 Rc4 33. Rb1 Ra8 34. Nf2 Ra3 35. Nd1 Ra4 36. Kf2 Raxb4 37. Nc3 Rxb1 38. Nxb1 Rc2+ 39. Kf3 b4 40. g4 Rb2 41. gxf5 exf5 42.
e4 fxe4+ 43. Kg4 Rxb1 44. f5 Rg1+ 45. Kf4 b3 46. Ke5 b2 47. Kxd5 b1=Q 48. Ke5 Qb5+ 49. Kxe4 Re1+ 50. Kf4 Qf1+ 51.
Kg4 Re2 52. d5 Rg2+ 53. Kh4 Qh1# 0-1

[Event "FIDE U16 Olympiad_boards_81-124"]
[Site "Eindhoven, Netherlands"]
[Date "2023.08.14"]
[Round "2.41"]
[White "Dokoria, Daniel"]
[Black "Hashimoto, Shunji"]
[Result "0-1"]
[TimeControl "45min+10sec"]
[WhiteElo "1252"]
[BlackElo "1789"]

1. e4 d5 2. exd5 Qxd5 3. Nc3 Qa5 4. d4 c6 5. Bd2 Bf5 6. Nf3 Nf6 7. Ne4 Qc7 8. Nxf6+ exf6 9. Bc4 Bd6 10. Qe2+ Qe7 11. Qxe7+ Bxe7 12. O-O-O O-O 13. Rhe1 Bd6 14.
Nh4 Bg4 15. f3 Bd7 16. g3 b5 17. Bb3 c5 18. dxc5 Bxc5 19. Bd5 Bc6 20. Be3 Bxe3+ 21. Rxe3 Bxd5 22. Rxd5 b4 23. Rd6 a5 24.
Nf5 g6 25. Ne7+ Kg7 26. Nc6 Ra6 27. Rdd3 Rxc6 28. Rb3 Rfc8 29. c3 Na6 30. a3 Nc5 31. axb4 Nxb3+ 32. Kc2 Na1+ 33. Kb1 axb4 34.
Kxa1 bxc3 35. Kb1 cxb2 36. Kxb2 Rb6+ 37. Ka2 Ra8+ 38. Ra3 Rxa3+ 39. Kxa3 Kf8 40. Ka4 Ke7 41. Ka5 Rb8 0-1

[Event "FIDE U16 Olympiad_boards_81-124"]
[Site "Eindhoven, Netherlands"]
[Date "2023.08.14"]
[Round "2.43"]
[White "Kiwanuka, Ssubi"]
[Black "Tatsumi, Kai"]
[Result "0-1"]
[TimeControl "45min+10sec"]
[WhiteElo "1324"]
[BlackElo "1154"]

1. e4 c6 2. d4 d5 3. Nc3 dxe4 4. Nxe4 Nf6 5. Ng3 h5 6. h4 g6 7. Nf3 Bg4 8. Be2 Bg7 9. Bg5 Nbd7 10.
O-O O-O 11. Qd2 Kh7 12. Nh2 Bxe2 13. Qxe2 b5 14. Rfe1 e6 15. Qd3 Bh6 16. Nf3 Bxg5 17. hxg5 Nd5 18. Nxh5 Kg8 19. Ng3 Kg7 20.
Ne5 Nxe5 21. Rxe5 Rh8 22. b3 Rh4 23. c3 Qd6 24. Ne4 Rah8 25. f3 Qa3 26. Kf2 Qb2+ 27. Nd2 Qxa1 28. c4 Qxd4+ 29. Qxd4 Rxd4 30. Ne4 bxc4 31. bxc4 Rxc4 32. Kg3 Rh1 33. Nd6 Rc2 34. a4 Rg1 35. Kh3 Rgxg2 36. Ne4 Rh2+ 37. Kg4 Rcg2+ 38. Ng3 f5+ 39. gxf6+ Nxf6+ 40. Kf4 Rh4+ 41. Kg5 Rh5+ 42. Kf4 Rxe5 43. Kxe5 Rxg3 44. Kxe6 Rxf3 45. Kd6 Ra3 46.
Kxc6 Rxa4 47. Kb5 Rf4 48. Ka6 g5 49. Kxa7 g4 50. Kb6 g3 51. Kc5 g2 52. Kd6 g1=Q 53. Ke5 Qe3+ 0-1

[Event "FIDE U16 Olympiad_boards_81-124"]
[Site "Eindhoven, Netherlands"]
[Date "2023.08.14"]
[Round "2.44"]
[White "Yamada, Misaki"]
[Black "Hailey, Nio Mitchelle"]
[Result "0-1"]
[TimeControl "45min+10sec"]
[WhiteElo "1462"]
[BlackElo "1052"]

1. d4 d5 2. c4 c6 3. cxd5 cxd5 4. Bf4 Nf6 5. Nc3 Nc6 6. e3 a6 7. Be2 Bf5 8. Nf3 e6 9. h3 Be7 10.
O-O O-O 11. Nh4 Bg6 12. Nxg6 fxg6 13. Rc1 Rc8 14. a3 Bd6 15. Bxd6 Qxd6 16. b4 e5 17. dxe5 Qxe5 18. Qb3 Kh8 19.
Rfd1 d4 20. exd4 Nxd4 21. Qb2 Nxe2+ 22. Qxe2 Qxe2 23. Nxe2 Rxc1 24. Rxc1 Kg8 25. Rc7 Ne4 26. f3 Nd6 27. Rc1 Re8 28. Kf1 Rc8 29. Rd1 Nc4 30. Rd7 Nxa3 31.
Rxb7 Nc2 32. Kf2 Re8 33. Nf4 g5 34. Nd3 Nd4 35. Nc5 Re2+ 36. Kg3 Nf5+ 37. Kh2 h6 38. Nxa6 0-1